cohdb
Replays
Latest Replays
All Replays
Popular Replays
Top Player Replays
Match Explorer
How It Works
Community
CoH3 Stats
Reddit
Sign in to upload your games and track your stats! →
Sign in with Steam
Match 41704448
Unlisted
Match 41704448
Overview
Messages
Build Orders
End
Construct Infanterie Kompanie
Selects Luftwaffe Battlegroup
Grenadier Squad
MG 42 Machine Gun Team
Selects Luftwaffe Pioneer Support
Fallschirmpioneer Squad Paradrop
Construct Panzergrenadier Kompanie
Grenadier Squad
Selects Flak 38 Anti-Air Emplacement
251 Medium Carrier
Medical Station
Selects Reconnaissance Run
Reconnaissance Run
GrW 34 Mortar Team
Reconnaissance Run
Panzergrenadier Officer Quarters
Selects Fallschirmjäger Squad Paradrop
Fallschirmjäger Squad Paradrop
Reconnaissance Run
Pak 40 Anti-tank Gun Team
Reconnaissance Run
hacksaw097
Alienman217
Fruti2k
Gosling Svodovich
[PD]roarr
[PD]Lurgi
[PD] Captain Unbrauchbar
[PD] DerSchonWieder
0
0
Comments
sign in to comment!
No comments posted yet!